 Dungeon Crawl Stone Soup version 0.29.0-10-g45618ea6d2 (webtiles) character file.

Game seed: 1197940451757062285

57 nickcage the Vexing (level 3, -1/16 HPs)
             Began as a Spriggan Enchanter on Sept 1, 2022.
             Slain by Sigmund
             ... wielding a +0 scythe
              (6 damage)
             ... on level 2 of the Dungeon.
             The game lasted 00:03:41 (1575 turns).

nickcage the Vexing (Spriggan Enchanter)            Turns: 1575, Time: 00:03:41

Health: -1/16      AC:  2    Str:  4    XL:     3   Next: 73%
Magic:  6/8        EV: 17    Int: 16    God:
Gold:   124        SH:  0    Dex: 17    Spells: 5/7 levels left

rFire   . . .      SeeInvis +   a - +1 dagger
rCold   . . .      Faith    .   (no shield)
rNeg    . . .      Spirit   .   b - +0 robe
rPois   .          Reflect  .   (helmet restricted)
rElec   .          Harm     .   (no cloak)
rCorr   .          Rampage  .   (gloves unavailable)
Will    .....                   (boots unavailable)
Stlth   +++.......              (no amulet)
HPRegen 0.05/turn               (no ring)
MPRegen 0.11/turn               (no ring)

@: very quick
A: very small, no large weapons, unfitting armour, see invisible, speed 3
a: no special abilities


You were on level 2 of the Dungeon.
You visited 1 branch of the dungeon, and saw 2 of its levels.

You collected 124 gold pieces.

Inventory:

Hand Weapons
 a - a +1 dagger (weapon)
Missiles
 g - 3 javelins
Armour
 b - a +0 robe (worn)
Scrolls
 d - 2 scrolls of identify {unknown}
 f - a scroll of butterflies {unknown}
 h - a scroll of blinking {unknown}
Potions
 c - 2 potions of invisibility
 e - a potion of resistance {unknown}
 i - a potion of attraction {unknown}


   Skills:
 - Level 1.1 Short Blades
 - Level 2.6 Dodging
 - Level 4.4 Stealth
 - Level 2.6 Spellcasting
 + Level 5.7 Hexes


You had 5 spell levels left.
You knew the following spells:

 Your Spells              Type           Power      Damage    Failure   Level
a - Ensorcelled Hibernat  Hex/Ice        22%        N/A       9%          2

Your spell library contained the following spells:

 Spells                   Type           Power      Damage    Failure   Level
 Confusing Touch          Hex            20%        N/A       5%          3
 Tukima's Dance           Hex            20%        N/A       5%          3
 Dazzling Flash           Conj/Hex       22%        N/A       19%         3


Dungeon Overview and Level Annotations

Branches:
Dungeon (2/15)

Altars:

Annotations:
D:2 Sigmund


Innate Abilities, Weirdness & Mutations

You are very small and have problems with some larger weapons.
You are too small for most types of armour.
You have supernaturally acute eyesight. (SInv)
You cover ground extremely quickly. (Speed+++)


Message History

A rat is nearby!
The rat bites you.
You hit the rat but do no damage. The rat closely misses you.
You hit the rat.
You kill the rat!
You start resting.
Magic restored.
You start resting.
HP restored.
Things that are here:
a +0 club; a +0 sling; a +0 dagger
h - a scroll labelled ONAGHO GUNI
i - a viscous emerald potion You now have 124 gold pieces (gained 7).
A rat comes into view.
Found a long sword.
The helpless rat fails to defend itself.
You impale the rat!!
You kill the rat!
You see here a +0 long sword.
Sigmund the Dreaded comes into view.
He is wielding a +0 scythe.
Sigmund gestures at you while chanting. The puff of flame hits you!
Sigmund looks drowsy...
The helpless Sigmund fails to defend himself.
You puncture Sigmund!
Sigmund is heavily wounded.
Sigmund hits you with a +0 scythe.
You closely miss Sigmund.
Sigmund is heavily wounded.
Sigmund misses you.
You completely miss Sigmund.
Sigmund is heavily wounded.
You hit Sigmund.
Sigmund is severely wounded.
Sigmund hits you with a +0 scythe.
You closely miss Sigmund.
Sigmund is severely wounded.
Sigmund hits you with a +0 scythe.
You die...

#.#....#..#
.#####........... ..
...##.## # #...........
.! ...... ##..........
.. .#...# ##.>...8.8.8
.. ...... #......#####
##........# ..#####
##...##.####
#.....@####....##.......
#.@.....###########
###......# #......#
#......# #......#
#..†..)# #......#
#......# #......#


You could see Sigmund.

Vanquished Creatures
  2 adders (D:2)
  4 endoplasms
  2 giant cockroaches (D:1)
  3 hobgoblins
  3 jackals (D:2)
  2 quokkas (D:1)
  6 ball pythons
  A frilled lizard (D:1)
  7 goblins
  2 kobolds (D:2)
  3 rats
35 creatures vanquished.

Notes
Turn   | Place    | Note
-------+----------+-------------------------------------------
     0 | D:1      | nickcage the Spriggan Enchanter began the quest for the
                  | Orb.
     0 | D:1      | Reached XP level 1. HP: 9/9 MP: 5/5
   255 | D:1      | Reached skill level 4 in Hexes
   387 | D:1      | Reached XP level 2. HP: 13/13 MP: 6/6
   390 | D:1      | Learned a level 2 spell: Ensorcelled Hibernation
   476 | D:1      | Found a faded altar of an unknown god.
   999 | D:2      | Reached skill level 5 in Hexes
  1024 | D:2      | Reached XP level 3. HP: 15/16 MP: 2/8
  1562 | D:2      | Noticed Sigmund
  1575 | D:2      | Slain by Sigmund

Illustrated notes

Levels and vault maps discovered:
D:1:      tarquinn_simple_flora_water_d, layout_loops_corners,
          dreamdust_ecumenical_altar_hidden_monk_grotto
D:2:      kennysheep_the_goblin_king, layout_rooms, uniq_sigmund

Skill      XL: |  1  2 |
---------------+-------+-----
Hexes          | 4 5 |  5.7
Short Blades   | |  1.1
Dodging        | |  2.6
Stealth        | |  4.4
Spellcasting   | |  2.6

Action                   || total
-------------------------++-------
Melee: Dagger            ||    84
 Cast: Ensorcelled Hiber ||    11
 Stab: Sleeping          ||    17
Armor: Robe              ||     7
Dodge: Dodged            ||    84
